 Dungeon Crawl Stone Soup version 0.29.1-15-g9cfb28693d (webtiles) character file.

Game seed: 13957964899711375475

1903 Descartes the Nimble (level 8, -3/41 HPs)
             Began as a Felid Monk on Mar 17, 2023.
             Killed from afar by an acid dragon (22 damage)
             ... with a splash of acid
             ... on level 7 of the Dungeon.
             The game lasted 00:11:51 (12373 turns).

Descartes the Nimble (Felid Monk)                  Turns: 12373, Time: 00:11:51

Health: -3/41      AC:  2    Str: 11    XL:     8   Next: 94%
Magic:  9/9        EV: 25    Int: 11    God:
Gold:   421        SH:  0    Dex: 19    Spells: 7/7 levels left
                                        Lives:  0   Deaths: 2

rFire   . . .      SeeInvis +     - Unarmed
rCold   . . .      Faith    .   (shield unavailable)
rNeg    . . .      Spirit   .   (body armour unavailable)
rPois   .          Reflect  .   (helmet unavailable)
rElec   .          Harm     .   (cloak unavailable)
rCorr   .          Rampage  .   (gloves unavailable)
Will    +....                   (boots unavailable)
Stlth   ++........              (no amulet)
HPRegen 0.13/turn               (no ring)
MPRegen 0.11/turn               (no ring)

@: quick
A: very small, claws 1, fangs 3, see invisible, speed 1, shaggy fur 2, stealthy
paws, no weapons or thrown items, no armour, multi-lived
a: no special abilities


You were on level 7 of the Dungeon.
You visited 2 branches of the dungeon, and saw 9 of its levels.

You collected 421 gold pieces.

Inventory:

Jewellery
 j - a ring of fire
 p - an amulet of faith
Wands
 n - a wand of polymorph (8)
 o - a wand of charming (7)
 t - a wand of quicksilver (4)
 w - a wand of flame (10)
 A - a wand of iceblast (2)
Scrolls
 c - 8 scrolls of teleportation
 e - a scroll of torment {unknown}
 f - 3 scrolls of immolation
 g - 4 scrolls of brand weapon {unknown}
 l - a scroll of fear {unknown}
 r - a scroll of enchant weapon {unknown}
 u - a scroll of blinking {unknown}
 x - a scroll of vulnerability {unknown}
 y - a scroll of identify
Potions
 a - 3 potions of ambrosia
 b - a potion of brilliance
 d - 2 potions of attraction
 h - 2 potions of curing
 i - 2 potions of cancellation {unknown}
 k - a potion of flight
 m - 2 potions of degeneration {unknown}
 s - a potion of haste {unknown}
 v - a potion of resistance {unknown}
 z - a potion of mutation {unknown}


   Skills:
 + Level 8.3 Fighting
 + Level 10.9 Dodging
 - Level 2.6 Stealth
 + Level 8.4 Unarmed Combat


You had 7 spell levels left.
You didn't know any spells.
Your spell library contained the following spells:

 Spells                   Type           Power      Damage    Failure   Level
 Magic Dart               Conj           0%         1d3       34%         1
 Call Imp                 Summ           0%         N/A       47%         2
 Ensorcelled Hibernation  Hex/Ice        0%         N/A       47%         2
 Mephitic Cloud           Conj/Pois/Air  0%         N/A       71%         3
 Spider Form              Tmut/Pois      0%         N/A       71%         3
 Airstrike                Air            0%         2d(0-16)  98%         4
 Anguish                  Hex/Necr       0%         N/A       98%         4
 Summon Lightning Spire   Summ/Air       0%         N/A       98%         4
 Blade Hands              Tmut           0%         N/A       100%        5
 Lightning Bolt           Conj/Air       0%         1d11      100%        5
 Iron Shot                Conj/Erth      0%         9d1       100%        6
 Animate Armour           Summ/Erth      Unusable   N/A       N/A         4

Dungeon Overview and Level Annotations

Branches:
Dungeon (8/15)             Temple (1/1) D:4
   Lair: D:8-11

Altars:
Ashenzari
Cheibriados
Dithmenos
Elyvilon
Fedhas
Gozag
Hepliaklqana
Kikubaaqudgha
Makhleb
Nemelex Xobeh
Okawaru
Qazlal
Ru
Sif Muna
Uskayaw
Wu Jian
Xom
Yredelemnul
Zin
The Shining One

Shops:
D:5 ((*=   D:8 !

Annotations:
D:8 1 transporter, burchardtist's ghost, novice TrFi


Innate Abilities, Weirdness & Mutations

You have sharp claws.
You have razor-sharp teeth.
You have supernaturally acute eyesight. (SInv)
You cover ground quickly. (Speed+)
You are covered in thick fur. (AC +2)
Your paws help you pounce on unaware monsters.
You are incapable of wielding weapons or throwing items.
You cannot wear armour.
You gain extra lives every three experience levels.


Message History

The acid dragon spits acid at you. The splash of acid misses you.
You barely miss the acid dragon.
The acid dragon is moderately wounded.
You scratch the acid dragon but do no damage.
You claw the acid dragon!
The acid dragon is heavily wounded.
The acid dragon closely misses you. x2
You claw the acid dragon! Your bite misses the acid dragon.
The acid dragon is almost dead.
The acid dragon bites you. The acid dragon misses you.
You scratch the acid dragon but do no damage.
You bite the acid dragon, but do no damage.
The acid dragon is almost dead.
The acid dragon spits acid at you. The splash of acid hits you!!
You are too injured to fight recklessly!
You are too injured to fight recklessly!
You are too injured to fight recklessly!
You are too injured to fight recklessly!
You are too injured to fight recklessly!
You are too injured to fight recklessly!
You are too injured to fight recklessly!
You are too injured to fight recklessly!
You are too injured to fight recklessly!
You are too injured to fight recklessly!
You are too injured to fight recklessly!
Unknown command.
You closely miss the acid dragon.
The acid dragon is almost dead.
The acid dragon completely misses you. The acid dragon barely misses you.
You scratch the acid dragon but do no damage.
The acid dragon is almost dead.
The acid dragon misses you. The acid dragon barely misses you.
You barely miss the acid dragon.
The acid dragon is almost dead.
The acid dragon spits acid at you. The splash of acid hits you!!
Ouch! That really hurt!
You die...

....#
#..#............#######
....#
#..#..................#
#####
#..#.(................#
##########'###............#
#..##..##....#######......#
#............# #......#
#............# ########
#........).D[#
#........^.[@#
##############


You could see an acid dragon (catching breath).

Vanquished Creatures
  A two-headed ogre (D:7)
  Grinder (D:3)
  Sigmund (D:2)
  2 water moccasins
  2 black bears (D:6)
  2 sky beasts
  An ogre (D:6)
  A centaur (D:6)
  2 phantoms
  A kobold brigand (D:6)
  A bullfrog (D:7)
  2 scorpions
  A necrophage (D:5)
  5 wights (D:7)
  A howler monkey (D:6)
  2 hounds (D:7)
  A jelly (D:5)
  3 orc priests
  A gnoll bouda (D:6)
  Jessica (D:2)
  2 iguanas
  4 orc wizards
  Robin (D:2)
  4 gnolls (D:6)
  6 adders
  A white imp (D:7)
  3 ufetubi
  3 worms
  21 orcs
  8 ball pythons
  8 bats
  7 endoplasms
  3 giant cockroaches
  15 goblins
  15 hobgoblins
  3 jackals (D:1)
  10 kobolds
  4 quokkas
  2 frilled lizards
  6 rats
158 creatures vanquished.

Vanquished Creatures (others)
  A fungus (D:1)
  3 plants (D:4)
4 creatures vanquished.

Grand Total: 162 creatures vanquished

Notes
Turn   | Place    | Note
-------+----------+-------------------------------------------
     0 | D:1      | Descartes the Felid Monk began the quest for the Orb.
     0 | D:1      | Reached XP level 1. HP: 10/10 MP: 2/2
   149 | D:1      | Found a faded altar of an unknown god.
   200 | D:1      | Reached XP level 2. HP: 14/14 MP: 3/3
   953 | D:1      | Reached XP level 3. HP: 17/17 MP: 4/4
  1802 | D:2      | Noticed Sigmund
  1810 | D:2      | Killed Sigmund
  1811 | D:2      | Reached skill level 5 in Dodging
  1811 | D:2      | Reached XP level 4. HP: 4/22 MP: 5/5
  1811 | D:2      | Reached XP level 5. HP: 5/25 MP: 6/6
  2216 | D:2      | Noticed Jessica
  2227 | D:2      | Killed Jessica
  2228 | D:2      | Reached skill level 6 in Dodging
  2443 | D:2      | Noticed Robin
  2648 | D:2      | Killed Robin
  2911 | D:2      | Found a basalt altar of Yredelemnul.
  3105 | D:3      | Identified the +2 ring mail of Kezuum {+Inv rF- Regen+
                  | Dex+5}
  3137 | D:3      | Gained mutation: You are covered in thick fur. (AC +2)
                  | [Felid growth]
  3137 | D:3      | Reached XP level 6. HP: 29/29 MP: 7/7
  3365 | D:3      | Slain by an orc priest
  3366 | D:3      | Reached XP level 5. HP: -3/25 MP: 6/6
  3381 | D:3      | Noticed Grinder
  3392 | D:3      | Paralysed by Grinder for 2 turns
  3394 | D:3      | Killed Grinder
  3395 | D:3      | Reached skill level 5 in Fighting
  3395 | D:3      | Reached skill level 5 in Unarmed Combat
  3395 | D:3      | Reached XP level 6. HP: 6/30 MP: 7/7
  3707 | D:3      | Found a hide-covered altar of Uskayaw.
  4316 | D:4      | Found a hazy altar of Hepliaklqana.
  4658 | D:4      | Reached skill level 7 in Dodging
  5047 | D:4      | You fall into a shaft and drop 2 floors!
  5053 | D:6      | Reached XP level 7. HP: 33/33 MP: 8/8
  5340 | D:5      | Entered Level 5 of the Dungeon
  5340 | D:5      | Found Bukhuj's Weapon Boutique.
  6096 | D:5      | Found Befu's Weapon Shop.
  6263 | D:5      | Reached skill level 8 in Dodging
  6603 | D:5      | Found Peehoane's Jewellery Boutique.
  6672 | D:5      | Found Caaxouzo's Assorted Antiques.
  7029 | D:4      | Found a staircase to the Ecumenical Temple.
  7106 | D:4      | Reached XP level 8. HP: 38/38 MP: 9/9
  7151 | Temple   | Entered the Ecumenical Temple
  8235 | D:6      | Reached skill level 9 in Dodging
  8457 | D:6      | Found a burning altar of Makhleb.
  9136 | D:5      | Found Befu's Weapon Shop.
  9315 | D:5      | Found Peehoane's Jewellery Boutique.
  9372 | D:5      | Found Caaxouzo's Assorted Antiques.
 10053 | D:7      | Found a stormy altar of Qazlal.
 10713 | D:7      | Identified the +2 robe of Loss {+Inv Fly Int-5 SInv}
 10818 | D:7      | Reached XP level 9. HP: 28/43 MP: 10/10
 10981 | D:7      | Found a sacrificial altar of Ru.
 11242 | D:8      | Noticed a centaur warrior
 11249 | D:8      | Reached skill level 10 in Dodging
 11251 | D:8      | Shot with an arrow by a centaur warrior
 11252 | D:8      | Reached XP level 8. HP: -10/40 MP: 9/9
 11259 | D:8      | Noticed a two-headed ogre
 11540 | D:8      | Found an iron altar of Okawaru.
 11542 | D:8      | Found a transporter.
 11545 | D:8      | Noticed burchardtist's ghost (novice TrFi)
 11595 | D:8      | Noticed a cyclops
 11902 | D:8      | Found Roruer's Distillery.
 12165 | D:7      | Killed a two-headed ogre
 12373 | D:7      | Killed from afar by an acid dragon

Illustrated notes

Levels and vault maps discovered:
D:1:      dpeg_arrival_shelter, layout_loops_corners,
          shapermc_ecumenical_altar_gd
D:2:      layout_loops_cross, basic_altar, uniq_robin, uniq_jessica,
          uniq_sigmund
D:3:      layout_basic, mainiacjoe_overflow_paths, hex_tiny, uniq_grinder
D:4:      layout_basic, mainiacjoe_overflow_catwalk,
          minmay_temple_entry_overgrown
D:5:      layout_loops_corners, serial_shops, shop, shop_statue,
          nicolae_stop_n_shop_1, kennysheep_mini
D:6:      cheibrodos_quashed, layout_gridville, lemuel_tele_altar,
          supply_closet_lemuel
D:7:      layout_gridville, overflow_temple_1_default, lemuel_round_altar,
          minmay_misc_feat_tiny
D:8:      layout_loops_ring, amcnicky_altar_gilded, lair_entry_dummy,
          gammafunk_ghost_stat_death, serial_shops,
          nicolae_shop_advertising_works [nicolae_subvault_shop_adworks]
Temple:   minmay_temple_curvy_branch

Skill      XL: |  1  2  3  4  5  6  7  8  9 |
---------------+----------------------------+-----
Fighting       | 4 5 6 8 |  8.3
Dodging        | 5 6 7 8 9 10 | 10.9
Unarmed Combat | 4 5 6 8 |  8.4
Stealth        | |  2.6

Action                   |  1- 3 |  4- 6 |  7- 9 || total
-------------------------+-------+-------+-------++-------
Melee: Unarmed           |    89 |   163 |   339 ||   591
       Bite              |    10 |    13 |    43 ||    66
       Punch             |       |     5 |    23 ||    28
Evoke: Wand              |       |       |     1 ||     1
  Use: Scroll            |       |     3 |     5 ||     8
       Potion            |       |       |     1 ||     1
 Stab: Sleeping          |    13 |     4 |     5 ||    22
       Distracted        |     1 |     1 |       ||     2
Armor: Skin              |       |     9 |    12 ||    21
Dodge: Dodged            |    44 |   148 |   340 ||   532
